 Dungeon Crawl Stone Soup version 0.26.0-18-gc5c842f807 (webtiles) character file.

Game seed: 660046478266580197

373 Forgeling the Cutter (level 7, 0/61 HPs)
             Began as a Halfling Summoner on Jan 24, 2021.
             Succumbed to Crazy Yiuf's poison
             ... on level 6 of the Dungeon.
             The game lasted 00:08:04 (3454 turns).

Forgeling the Cutter (Halfling Summoner)            Turns: 3454, Time: 00:08:04

Health: 0/61       AC:  8    Str: 11    XL:     7   Next: 2%
Magic:  8/9        EV: 14    Int: 13    God:
Gold:   152        SH:  0    Dex: 15    Spells: 8/9 levels left

rFire    . . .     SeeInvis .   b - +2 dagger (drain)
rCold    . . .     Faith    .   (shield restricted)
rNeg     . . .     Spirit   .   o - +3 leather armour
rPois    .         Reflect  .   h - +1 hat
rElec    .         Harm     .   (no cloak)
rCorr    .         Rampage  .   k - +0 pair of gloves
Will     .....                  (no boots)
Stlth    ..........             (no amulet)
HPRegen  0.20/turn              (no ring)
MPRegen  0.11/turn              (no ring)

@: mighty, berserking (expiring), lethally poisoned (0 -> -8), very quick
A: small, mutation resistance 1
a: no special abilities


You were on level 6 of the Dungeon.
You visited 1 branch of the dungeon, and saw 4 of its levels.

You collected 152 gold pieces.

Inventory:

Hand Weapons
 a - a +1 dagger of protection
 b - a +2 dagger of draining (weapon)
 d - a +0 lajatang
Missiles
 e - 97 stones
 i - 2 silver boomerangs
 n - 4 datura-tipped darts
 u - 18 sling bullets
Armour
 h - a +1 hat (worn)
 k - a +0 pair of gloves (worn)
 o - a +3 leather armour (worn)
 s - a +0 robe
Scrolls
 c - 2 scrolls of enchant weapon {unknown}
 g - a scroll of remove curse {unknown}
 l - 2 scrolls of blinking {unknown}
 p - 4 scrolls of identify {unknown}
 q - a scroll of amnesia {unknown}
 t - a scroll of magic mapping {unknown}
 v - a scroll of fear {unknown}
Potions
 m - a potion of invisibility {unknown}
 r - a potion of curing {unknown}
 M - a potion of might
 T - a potion of berserk rage


   Skills:
 + Level 7.9 Short Blades
 - Level 2.1 Dodging
 - Level 2.1 Stealth
 - Level 1.5 Spellcasting
 - Level 3.2 Summonings


You had 8 spell levels left.
You knew the following spells:

 Your Spells              Type           Power        Failure   Level
a - Summon Small Mammal   Summ           36%          10%         1

Your spell library contained the following spells:

 Spells                   Type           Power        Failure   Level
 Call Imp                 Summ           9%           14%         2
 Call Canine Familiar     Summ           9%           28%         3
 Summon Guardian Golem    Hex/Summ       5%           47%         3
 Summon Ice Beast         Ice/Summ       5%           87%         4
 Summon Lightning Spire   Summ/Air       5%           87%         4


Dungeon Overview and Level Annotations

Branches:
Dungeon (3/15)

Altars:
Cheibriados
The Shining One

Annotations:
D:6 Menkaure


Innate Abilities, Weirdness & Mutations

You are small and have problems with some larger weapons.
You are somewhat resistant to further mutation.


Message History

It was a potion of berserk rage.
A red film seems to cover your vision as you go berserk!
You feel yourself moving faster!
You feel mighty!
T - a potion of berserk rage
* * * LOW HITPOINT WARNING * * *
The orc hits you with a +0 club.
* * * LOW HITPOINT WARNING * * *
You closely miss the orc. You puncture the orc!
You kill the orc!
* * * LOW HITPOINT WARNING * * *
* * * LOW HITPOINT WARNING * * *
There is an open translucent door here. a +0 club; a cursed +0 ring mail You are too berserk!
You feel a strong urge to attack something.
* * * LOW HITPOINT WARNING * * *
a +4 quarterstaff of chaos; a +1 cloak of preservation; the gnoll corpse of Crazy Yiuf You feel your anger nearly subside.
You die...

#####.#...#.........###.........#
#.#...#.........# #...#######
#.#...#.........# #..........
#.#####..######## #######.... #†#
#..# #.... #.# ....# #....
#.##+##### ##### ♣♣##....
#.#........# #)..#♣♣ ♣♣.....>.
#.#........# #@).).♣♣♣♣........
#.#........# #...#♣..♣....o....
#.#..[.....# #####♣♣♣.♣........
#.#........# ♣♣♣♣♣##....
#.#.......÷# #####
###.#........####
................#
###.#...........#
.##.#...........#


There were no monsters in sight!

Vanquished Creatures
  An ice beast (D:6)
  A bullfrog (D:6)
  2 hounds (D:6)
  An orc wizard (D:6)
  Crazy Yiuf (D:6)
  A worker ant (D:6)
  3 gnolls
  4 adders
  An ooze (D:2)
  A worm (D:1)
  A leopard gecko (D:2)
  2 orcs (D:6)
  2 giant cockroaches (D:3)
  7 goblins
  6 hobgoblins
  2 kobolds (D:1)
  2 quokkas
  3 bats
  4 rats
45 creatures vanquished.

Vanquished Creatures (collateral kills)
  2 goblins (D:2)
  A kobold (D:1)
  A rat (D:1)
4 creatures vanquished.

Grand Total: 49 creatures vanquished

Notes
Turn   | Place    | Note
-------+----------+-------------------------------------------
     0 | D:1      | Forgeling the Halfling Summoner began the quest for the
                  | Orb.
     0 | D:1      | Reached XP level 1. HP: 11/11 MP: 3/3
   266 | D:1      | Reached skill level 1 in Short Blades
   715 | D:1      | Reached XP level 2. HP: 17/17 MP: 4/4
   792 | D:1      | Reached skill level 2 in Short Blades
  1259 | D:1      | Reached skill level 3 in Short Blades
  1259 | D:1      | Reached XP level 3. HP: 17/21 MP: 1/5
  1577 | D:2      | Reached skill level 4 in Short Blades
  1577 | D:2      | Reached XP level 4. HP: 23/27 MP: 1/6
  2330 | D:2      | Found a snail-covered altar of Cheibriados.
  2330 | D:2      | Found a glowing golden altar of the Shining One.
  2866 | D:3      | You fall into a shaft and drop 3 floors!
  2877 | D:6      | Reached skill level 5 in Short Blades
  2877 | D:6      | Reached XP level 5. HP: 29/31 MP: 7/7
  2975 | D:6      | Reached skill level 6 in Short Blades
  3013 | D:6      | Noticed Menkaure
  3044 | D:6      | Noticed an ice beast
  3099 | D:6      | Killed an ice beast
  3100 | D:6      | Reached XP level 6. HP: 28/36 MP: 3/8
  3131 | D:6      | Reached skill level 7 in Short Blades
  3428 | D:6      | Found a runed translucent door.
  3429 | D:6      | Noticed Crazy Yiuf
  3446 | D:6      | Killed Crazy Yiuf
  3447 | D:6      | Reached XP level 7. HP: 8/41 MP: 7/9
  3448 | D:6      | HP: 3/61 [orc/+0 club (6)]
  3451 | D:6      | HP: 1/61 [poisoned by Crazy Yiuf]
  3454 | D:6      | Succumbed to Crazy Yiuf's poison

Illustrated notes

Levels and vault maps discovered:
D:1:      ncdulo_lavacross, layout_basic, minmay_strange_pillars
D:2:      layout_rooms, gammafunk_temple_overflow_elements, minmay_pentomino_t4
D:3:      layout_basic
D:6:      layout_basic, fedhas_altar_4, uniq_crazy_yiuf_cottage, uniq_menkaure

Skill      XL: |  1  2  3  4  5  6 |
---------------+-------------------+-----
Short Blades   | 1 3 4 5 6 7 |  7.9
Dodging        | |  2.1
Stealth        | |  2.1
Spellcasting   | |  1.5
Summonings     | |  3.2

Action                   |  1- 3 |  4- 6 |  7- 9 || total
-------------------------+-------+-------+-------++-------
Melee: Unarmed           |    26 |       |       ||    26
       Short sword       |    67 |    63 |       ||   130
       Dagger            |       |    85 |     2 ||    87
 Cast: Summon Small Mamm |    17 |    26 |       ||    43
  Use: Potion            |       |       |     2 ||     2
 Stab: Sleeping          |     1 |     2 |       ||     3
       Distracted        |     1 |     1 |       ||     2
Armor: Robe              |     9 |     7 |       ||    16
       Leather armour    |       |    23 |       ||    23
Dodge: Dodged            |    78 |    89 |     1 ||   168
